Map: Galactic Process LE

Players

Florencio - Winner!

  • Race: Protoss Protoss
  • League: Diamond

NyrieaLoplex

  • Race: Zerg Zerg
  • League: Diamond

VOD

Have the link to the VOD?

Description

Time

  • Played on: Aug. 21, 2016, 3:32 p.m.
  • Length: 15:42
Show
View Real Time Build Order
Export as new Build Order

Florencio Protoss - Winner!

Build Orders:  

Get SALT Encoding   

  12  0:01  Probe (Chrono Boost)  
  13  0:11  Probe (Chrono Boost)  
  14  0:23  Probe (Chrono Boost), Pylon  
  15  0:41  Probe (Chrono Boost)  
  16  0:48  Gateway  
  16  0:51  Probe (Chrono Boost)  
  17  0:59  Gateway  
  17  1:02  Probe (Chrono Boost)  
  18  1:07  Assimilator  
  18  1:12  Assimilator, Probe (Chrono Boost)  
  19  1:19  Pylon  
  19  1:23  Probe (Chrono Boost)  
  20  1:33  Probe (Chrono Boost)  
  20  1:38  Zealot  
  23  1:48  Cybernetics Core  
  23  1:54  Pylon  
  23  1:55  Zealot  
  25  2:03  Probe (Chrono Boost)  
  27  2:16  Probe (Chrono Boost)  
  27  2:28  Probe (Chrono Boost), Adept  
  28  2:30  Adept  
  28  2:33  Pylon  
  32  2:43  Mothership Core (Chrono Boost)  
  34  3:16  Pylon  
  34  3:23  Probe (Chrono Boost)  
  34  3:26  Nexus  
  34  3:35  Probe (Chrono Boost)  
  28  4:21  Assimilator  
  28  4:23  Forge, Assimilator  
  28  4:24  Pylon  
  28  4:29  Probe (Chrono Boost)  
  29  4:34  Stargate  
  29  4:36  Stargate  
  29  4:38  Stargate  
  29  4:41  Probe (Chrono Boost)  
  29  4:43  Probe (Chrono Boost)  
  31  4:48  Stalker  
  34  4:53  Probe (Chrono Boost)  
  34  4:54  Probe (Chrono Boost)  
  35  5:05  Probe (Chrono Boost)  
  35  5:06  Probe (Chrono Boost)  
  37  5:11  Photon Cannon  
  37  5:15  Photon Cannon  
  37  5:18  Probe (Chrono Boost)  
  37  5:19  Probe (Chrono Boost)  
  39  5:22  Oracle  
  39  5:24  Oracle  
  45  5:31  Oracle  
  49  5:36  Probe x2 (Chrono Boost)  
  50  5:53  Photon Cannon  
  50  5:55  Probe (Chrono Boost)  
  52  5:57  Probe (Chrono Boost)  
  52  5:58  Oracle  
  55  6:04  Oracle  
  58  6:11  Pylon  
  58  6:16  Pylon, Probe (Chrono Boost), Oracle  
  58  6:17  Probe (Chrono Boost)  
  63  6:32  Robotics Facility  
  63  6:35  Probe (Chrono Boost)  
  63  6:36  Probe (Chrono Boost)  
  65  6:45  Photon Cannon  
  65  6:46  Probe (Chrono Boost)  
  66  6:49  Probe (Chrono Boost)  
  66  6:51  Oracle  
  70  6:56  Oracle  
  70  6:57  Oracle  
  73  7:36  Pylon, Oracle  
  73  7:40  Oracle  
  73  7:41  Oracle  
  82  7:52  Immortal  
  82  7:57  Pylon  
  86  8:00  Pylon  
  86  8:07  Oracle  
  89  8:16  Oracle  
  92  8:23  Oracle  
  95  8:31  Immortal  
  99  8:39  Oracle  
  99  9:10  Pylon  
  99  9:12  Pylon  
  99  9:16  Nexus  
  99  9:17  Pylon  
  99  9:29  Void Ray  
  99  9:30  Void Ray x2  
  107  9:37  Photon Cannon  
  107  9:38  Photon Cannon  
  111  9:40  Pylon  
  111  9:44  Pylon  
  111  9:47  Photon Cannon  
  111  10:06  Probe (Chrono Boost)  
  112  10:13  Void Ray  
  112  10:14  Pylon  
  116  10:15  Void Ray  
  116  10:17  Probe (Chrono Boost)  
  121  10:25  Void Ray  
  113  11:14  Probe (Chrono Boost)  
  113  11:17  Photon Cannon  
  114  11:19  Photon Cannon x2  
  114  11:24  Probe (Chrono Boost)  
  115  11:49  Void Ray  
  115  11:54  Void Ray x2  
  115  11:56  Probe (Chrono Boost)  
  115  11:57  Assimilator  
  128  12:01  Assimilator  
  128  12:03  Photon Cannon  
  128  12:05  Photon Cannon  
  128  12:06  Probe (Chrono Boost), Gateway  
  128  12:07  Immortal  
  133  12:08  Gateway  
  133  12:10  Gateway  
  133  12:16  Pylon  
  133  12:32  Void Ray  
  133  12:37  Void Ray x2  
  145  12:46  Immortal  
  143  13:18  Void Ray  
  143  13:21  Adept x3  
  143  13:24  Void Ray x2  
  161  13:30  Pylon  
  161  13:31  Pylon  
  161  13:37  Pylon  
  161  13:38  Pylon  
  161  13:39  Photon Cannon  
  161  13:48  Nexus, Adept  
  163  13:50  Pylon  
  163  13:56  Void Ray  
  163  13:58  Adept  
  163  14:00  Adept  
  171  14:07  Void Ray  
  134  14:53  Void Ray  
  134  14:56  Adept x3  
  134  14:58  Void Ray x2  
Show
View Real Time Build Order
Export as new Build Order

NyrieaLoplex Zerg 

Build Orders: Hatch First 

Get SALT Encoding   

  12  0:01  Drone  
  13  0:12  Overlord  
  13  0:17  Drone  
  14  0:31  Drone x2  
  16  0:35  Drone  
  17  0:53  Hatchery  
  17  0:55  Drone  
  17  0:59  Drone  
  18  1:14  Spawning Pool  
  17  1:33  Hatchery  
  17  1:35  Drone  
  18  1:40  Drone  
  18  1:42  Drone  
  19  1:47  Extractor, Drone  
  19  1:57  Drone  
  20  2:04  Queen  
  22  2:09  Queen  
  24  2:17  Drone  
  24  2:18  Drone  
  24  2:22  Drone x2  
  28  2:31  Spine Crawler  
  27  2:37  Spine Crawler  
  27  2:40  Overlord  
  26  2:49  Metabolic Boost  
  26  2:53  Drone x2  
  26  2:58  Drone x2  
  31  3:05  Zergling x4  
  31  3:11  Spine Crawler  
  31  3:15  Zergling x4  
  31  3:18  Zergling x2  
  34  3:31  Zergling x12  
  38  3:36  Drone  
  38  3:43  Drone  
  38  3:44  Drone  
  40  3:52  Drone x3  
  40  3:53  Drone x2  
  40  4:11  Queen  
  40  4:16  Spore Crawler  
  40  4:17  Drone x2  
  41  4:18  Overlord  
  41  4:19  Overlord  
  42  4:34  Spine Crawler  
  41  4:44  Drone x3  
  41  4:45  Drone x3  
  47  4:46  Drone  
  47  4:50  Zergling x12  
  54  4:56  Lair  
  54  5:04  Zergling x2  
  54  5:05  Zergling x2  
  56  5:08  Drone  
  56  5:10  Extractor  
  56  5:14  Drone  
  56  5:15  Drone  
  56  5:16  Overlord x3  
  58  5:33  Queen  
  60  5:36  Drone x2  
  60  5:41  Drone  
  60  5:42  Drone  
  64  5:46  Drone x2, Roach Warren  
  64  5:47  Drone x2  
  64  5:49  Extractor  
  67  5:50  Extractor, Drone x2  
  67  5:53  Drone  
  67  5:54  Drone  
  69  5:57  Spine Crawler  
  69  6:02  Drone  
  69  6:07  Spore Crawler  
  68  6:14  Drone  
  68  6:15  Drone  
  68  6:17  Drone x2  
  72  6:19  Drone x4  
  72  6:20  Drone x4  
  72  6:21  Drone  
  72  6:24  Drone  
  82  6:27  Overlord  
  82  6:28  Overlord x2  
  82  6:38  Evolution Chamber  
  82  6:39  Hydralisk Den, Drone  
  81  6:40  Drone  
  82  6:53  Drone  
  83  7:03  Roach x9  
  83  7:05  Zerg Missile Weapons Level 1  
  83  7:07  Hatchery  
  100  7:13  Hydralisk x4  
  84  7:23  Spore Crawler  
  84  7:28  Hydralisk x3  
  71  7:36  Spore Crawler  
  69  7:38  Spore Crawler  
  66  7:44  Drone x2  
  66  7:46  Drone  
  69  7:56  Drone x2  
  69  7:58  Drone  
  72  8:00  Drone x2  
  74  8:12  Drone  
  75  8:13  Drone x4  
  75  8:16  Drone x2  
  75  8:19  Drone  
  82  8:25  Drone x2  
  82  8:26  Drone  
  84  8:32  Muscular Augments  
  84  8:33  Drone  
  82  8:35  Drone  
  82  8:37  Drone  
  73  8:43  Hydralisk  
  73  8:47  Spore Crawler  
  70  8:51  Spore Crawler  
  69  8:55  Spore Crawler  
  59  9:10  Hydralisk x3  
  64  9:20  Drone x2  
  64  9:22  Drone  
  64  9:23  Drone x2  
  50  9:38  Spore Crawler  
  49  9:40  Spore Crawler  
  49  9:41  Drone x4  
  48  9:53  Hydralisk x2  
  48  9:57  Drone  
  48  9:58  Drone x2  
  55  10:26  Drone x3  
  55  10:27  Drone x3  
  61  10:30  Queen  
  61  10:31  Drone  
  61  10:32  Drone x2  
  66  10:49  Hydralisk x4  
  52  11:08  Hydralisk Den, Drone  
  52  11:37  Drone  
  52  11:38  Drone  
  54  11:41  Hatchery  
  54  11:45  Hydralisk  
  54  11:46  Hydralisk x5  
  65  12:04  Hydralisk x4  
  73  12:09  Hydralisk  
  73  12:14  Hydralisk  
  77  12:33  Zergling x2  
  77  12:54  Hatchery  
  77  12:56  Roach x5  
  86  13:03  Hatchery  
  75  13:20  Drone x2  
  75  13:26  Drone  
  78  13:29  Drone  
  78  13:30  Drone x3  
  82  13:38  Roach x2  
  86  14:05  Extractor  
  86  14:09  Extractor  
  65  14:28  Hydralisk  
  65  14:29  Hydralisk x7  
  81  14:36  Hydralisk  
  81  14:38  Hydralisk  
  81  14:42  Hydralisk  
  60  14:52  Hydralisk  
  60  14:53  Hydralisk  
  60  14:58  Hydralisk  
  66  15:04  Hydralisk  
  68  15:08  Hydralisk  
  60  15:16  Hydralisk  
Tags
 
Add a new tag
Caveats
  • Supply blocks, unpowered buildings, or Contaminate may cause inaccurate times.
  • Supply counts are checked every 10 seconds.